General information
- name: BNet
- type: Ladder team game (AT/RT)
- host: Battle.net
- saver: OCEAN-BLUE.
map: Deadlands
- players: 8
- length: 55:58
- speed: Fast
- version: 1.26 W3XP
- replay type: Public
» download(276 KB)
Players
team 1 (winner)
kiangdalf (
teal | 21 APM | 614 actions | 28:51)
5 Paladin
2 Divine Shield
2 Holy Light
1 Devotion Aura
» actions
| Assign group hotkey | 17 | |
| Build / train | 54 | |
| Enter build submenu | 19 | |
| Enter hero's abilities submenu | 5 | |
| Give item / drop item | 3 | |
| Right click | 269 | |
| Select / deselect | 167 | |
| Select group hotkey | 16 | |
| Use ability | 64 | |
614 total
» units
» upgrades
| Swords | 3 | |
| Armor | 4 | |
| Lumber Harvesting | 1 | |
| Storm Hammers | 1 | |
9 total
» buildings
| Farm | 12 | |
| Blacksmith | 1 | |
| Lumber Mill | 1 | |
| Altar of Kings | 1 | |
| Keep | 2 | |
| Arcane Vault | 1 | |
| Castle | 1 | |
| Gryphon Aviary | 2 | |
21 total
» build order
00:37 Farm
00:55 Blacksmith
01:17 Farm
01:27 Lumber Mill
01:37 Altar of Kings
02:12 Farm
02:40 Keep
02:40 Keep
02:52 Arcane Vault
02:54 Farm
03:56 Farm
04:24 Farm
04:30 Farm
04:34 Farm
05:16 Farm
06:09 Farm
06:23 Castle
06:38 Farm
06:47 Gryphon Aviary
07:30 Gryphon Aviary
12:55 Farm
» items
| Orb of Fire | 1 | |
| Scroll of Town Portal | 1 | |
| Lesser Clarity Potion | 1 | |
| Potion of Mana | 1 | |
4 total
OCEAN-BLUE. (
yellow | 70 APM | 3923 actions | 55:58)
8 Blademaster
3 Wind Walk
3 Critical Strike
1 Bladestorm
1 Mirror Image
» actions
| Assign group hotkey | 158 | |
| Basic commands | 37 | |
| Build / train | 60 | |
| Enter build submenu | 31 | |
| Enter hero's abilities submenu | 9 | |
| Give item / drop item | 4 | |
| Right click | 1746 | |
| Select / deselect | 329 | |
| Select group hotkey | 1369 | |
| Use ability | 180 | |
3923 total
» units
| Peon | 15 | |
| Goblin Shredder | 1 | |
| Wind Rider | 6 | |
| Troll Batrider | 3 | |
25 total
» upgrades
| Reinforced Defenses | 1 | |
| Ranged Weapons | 2 | |
| Armor | 2 | |
| Ensnare | 1 | |
| Melee Weapons | 1 | |
| Envenomed Spears | 1 | |
8 total
» buildings
| Altar of Storms | 1 | |
| Orc Burrow | 7 | |
| War Mill | 1 | |
| Voodoo Lounge | 1 | |
| Watch Tower | 41 | |
| Stronghold | 1 | |
| Beastiary | 4 | |
| Fortress | 1 | |
| Great Hall | 1 | |
58 total
» build order
00:08 Altar of Storms
00:17 Orc Burrow
00:39 War Mill
01:15 Voodoo Lounge
01:56 Watch Tower
02:06 Watch Tower
02:32 Watch Tower
03:20 Stronghold
03:31 Orc Burrow
03:46 Watch Tower
05:14 Orc Burrow
05:17 Orc Burrow
06:31 Beastiary
06:32 Beastiary
06:35 Fortress
09:46 Orc Burrow
11:10 Watch Tower
11:11 Watch Tower
11:11 Watch Tower
11:12 Watch Tower
11:13 Watch Tower
11:17 Watch Tower
12:25 Watch Tower
12:25 Watch Tower
12:25 Watch Tower
12:26 Watch Tower
12:28 Watch Tower
13:15 Watch Tower
13:16 Watch Tower
13:18 Orc Burrow
13:18 Orc Burrow
13:58 Beastiary
15:20 Watch Tower
15:20 Watch Tower
15:20 Watch Tower
16:20 Beastiary
20:28 Great Hall
20:39 Watch Tower
20:39 Watch Tower
20:40 Watch Tower
21:44 Watch Tower
21:44 Watch Tower
22:19 Watch Tower
22:19 Watch Tower
22:20 Watch Tower
22:21 Watch Tower
23:30 Watch Tower
23:30 Watch Tower
25:20 Watch Tower
25:21 Watch Tower
30:38 Watch Tower
31:59 Watch Tower
32:00 Watch Tower
36:47 Watch Tower
36:48 Watch Tower
36:48 Watch Tower
36:49 Watch Tower
» items
| Healing Salve | 4 | |
| Lesser Clarity Potion | 4 | |
| Scroll of Town Portal | 3 | |
| Tiny Great Hall | 2 | |
| Staff of Teleportation | 1 | |
| Orb of Lightning | 1 | |
15 total
The.Great (
blue | 58 APM | 1672 actions | 28:40)
6 Archmage
3 Summon Water Elemental
3 Brilliance Aura
1 Paladin
1 Holy Light
» actions
| Assign group hotkey | 12 | |
| Basic commands | 18 | |
| Build / train | 90 | |
| ESC pressed | 9 | |
| Enter build submenu | 42 | |
| Enter hero's abilities submenu | 6 | |
| Give item / drop item | 2 | |
| Remove unit from queue | 6 | |
| Right click | 994 | |
| Select / deselect | 364 | |
| Select group hotkey | 20 | |
| Use ability | 109 | |
1672 total
» units
| Peasant | 12 | |
| Footman | 5 | |
| Mortar Team | 2 | |
| Rifleman | 7 | |
| Knight | 5 | |
| Siege Engine | 1 | |
32 total
» upgrades
| Long Rifles | 1 | |
| Armor | 1 | |
| Gunpowder | 1 | |
| Lumber Harvesting | 1 | |
| Flare | 1 | |
| Animal War Training | 1 | |
| Swords | 1 | |
| Plating | 3 | |
| Fragmentation Shards | 1 | |
| Flak Cannons | 1 | |
| Flying Machine Bombs | 1 | |
13 total
» buildings
| Altar of Kings | 1 | |
| Farm | 20 | |
| Barracks | 2 | |
| Arcane Vault | 1 | |
| Lumber Mill | 1 | |
| Keep | 3 | |
| Scout Tower | 5 | |
| Arcane Tower | 2 | |
| Town Hall | 5 | |
| Blacksmith | 1 | |
| Guard Tower | 2 | |
| Workshop | 2 | |
| Castle | 1 | |
46 total
» build order
00:10 Altar of Kings
00:11 Farm
00:29 Barracks
01:20 Arcane Vault
01:37 Lumber Mill
03:56 Keep
03:57 Keep
04:03 Farm
04:52 Farm
04:54 Scout Tower
05:28 Arcane Tower
06:31 Town Hall
06:35 Scout Tower
06:43 Scout Tower
06:57 Blacksmith
07:31 Guard Tower
07:32 Guard Tower
08:34 Workshop
08:35 Workshop
09:16 Scout Tower
09:18 Farm
09:19 Farm
09:24 Farm
09:28 Farm
09:29 Farm
09:32 Scout Tower
11:46 Castle
12:28 Barracks
12:32 Arcane Tower
14:27 Town Hall
14:40 Town Hall
14:42 Farm
15:15 Farm
15:16 Farm
15:18 Farm
15:27 Town Hall
16:05 Farm
17:43 Farm
17:46 Farm
18:50 Town Hall
25:21 Farm
25:21 Farm
25:22 Farm
25:24 Farm
25:25 Farm
» items
| Mechanical Critter | 1 | |
| Lesser Clarity Potion | 4 | |
| Scroll of Regeneration | 3 | |
| Potion of Healing | 1 | |
| Scroll of Town Portal | 1 | |
10 total

»
mulhaminator54 (
purple | 30 APM | 870 actions | 29:15)
4 Far Seer
2 Feral Spirit
2 Chain Lighting
3 Shadow Hunter
2 Healing Wave
1 Serpent Ward
» actions
| Assign group hotkey | 2 | |
| Basic commands | 34 | |
| Build / train | 52 | |
| Enter build submenu | 23 | |
| Enter hero's abilities submenu | 8 | |
| Right click | 438 | |
| Select / deselect | 242 | |
| Select group hotkey | 18 | |
| Use ability | 53 | |
870 total
» units
» upgrades
| Ranged Weapons | 2 | |
| Armor | 1 | |
| Envenomed Spears | 1 | |
4 total
» buildings
| Orc Burrow | 10 | |
| Altar of Storms | 1 | |
| Barracks | 1 | |
| War Mill | 1 | |
| Stronghold | 1 | |
| Great Hall | 1 | |
| Beastiary | 2 | |
| Watch Tower | 5 | |
| Fortress | 1 | |
23 total
» build order
00:13 Orc Burrow
00:16 Altar of Storms
00:43 Barracks
01:52 Orc Burrow
02:19 War Mill
03:22 Stronghold
03:50 Orc Burrow
05:18 Great Hall
05:34 Orc Burrow
05:51 Beastiary
06:11 Beastiary
07:09 Orc Burrow
07:29 Watch Tower
07:34 Watch Tower
08:38 Orc Burrow
09:16 Watch Tower
09:39 Orc Burrow
10:56 Watch Tower
11:03 Watch Tower
11:17 Fortress
12:01 Orc Burrow
12:11 Orc Burrow
13:10 Orc Burrow
team 2 (loser)

»
Bs4Fun (
green | 17 APM | 948 actions | 55:56)
4 Paladin
1 Holy Light
1 Devotion Aura
2 Divine Shield
» actions
| Basic commands | 8 | |
| Build / train | 55 | |
| Enter build submenu | 34 | |
| Enter hero's abilities submenu | 4 | |
| Give item / drop item | 2 | |
| Remove unit from queue | 2 | |
| Right click | 425 | |
| Select / deselect | 358 | |
| Use ability | 60 | |
948 total
» units
| Peasant | 15 | |
| Footman | 10 | |
| Siege Engine | 4 | |
29 total
» upgrades
| Lumber Harvesting | 2 | |
| Gunpowder | 2 | |
| Plating | 1 | |
| Barrage | 1 | |
6 total
» buildings
| Farm | 9 | |
| Altar of Kings | 1 | |
| Barracks | 3 | |
| Town Hall | 3 | |
| Scout Tower | 5 | |
| Arcane Tower | 4 | |
| Keep | 3 | |
| Lumber Mill | 1 | |
| Blacksmith | 1 | |
| Guard Tower | 1 | |
| Castle | 1 | |
| Workshop | 3 | |
| Arcane Vault | 1 | |
| Orc Burrow | 1 | |
| Great Hall | 1 | |
38 total
» build order
00:06 Farm
00:14 Altar of Kings
00:39 Barracks
00:42 Farm
01:38 Farm
02:20 Farm
03:13 Farm
04:13 Town Hall
04:23 Farm
04:33 Scout Tower
04:57 Scout Tower
05:12 Scout Tower
05:19 Arcane Tower
05:28 Arcane Tower
05:31 Scout Tower
05:34 Keep
05:41 Lumber Mill
05:47 Arcane Tower
06:14 Arcane Tower
06:40 Blacksmith
07:12 Scout Tower
07:43 Guard Tower
07:55 Castle
07:59 Workshop
08:02 Workshop
08:10 Workshop
08:38 Arcane Vault
09:38 Farm
10:26 Farm
11:10 Farm
15:35 Keep
17:02 Barracks
17:04 Barracks
17:12 Town Hall
18:31 Keep
37:53 Town Hall
49:04 Orc Burrow
49:11 Great Hall
» items
| Orb of Fire | 1 | |
| Scroll of Town Portal | 2 | |
| Orb of Lightning | 1 | |
4 total
Red-Cloud (
red | 46 APM | 2548 actions | 55:56)
10 Blademaster
3 Wind Walk
3 Critical Strike
1 Bladestorm
3 Mirror Image
» actions
| Assign group hotkey | 90 | |
| Basic commands | 238 | |
| Build / train | 101 | |
| Enter build submenu | 51 | |
| Enter hero's abilities submenu | 10 | |
| Give item / drop item | 7 | |
| Remove unit from queue | 7 | |
| Right click | 859 | |
| Select / deselect | 531 | |
| Select group hotkey | 373 | |
| Use ability | 276 | |
2548 total
» units
| Peon | 8 | |
| Grunt | 4 | |
| Goblin Shredder | 1 | |
| Goblin Sapper | 10 | |
| Troll Batrider | 18 | |
| Wind Rider | 8 | |
| Goblin Zeppelin | 1 | |
50 total
» upgrades
| Ranged Weapons | 3 | |
| Armor | 3 | |
| Troll Regeneration | 1 | |
| Reinforced Defenses | 1 | |
| Liquid Fire | 1 | |
| Envenomed Spears | 1 | |
| Ensnare | 1 | |
11 total
» buildings
| Orc Burrow | 6 | |
| Altar of Storms | 1 | |
| Barracks | 1 | |
| Voodoo Lounge | 2 | |
| Stronghold | 1 | |
| War Mill | 2 | |
| Great Hall | 4 | |
| Watch Tower | 34 | |
| Fortress | 1 | |
| Beastiary | 4 | |
56 total
» build order
00:12 Orc Burrow
00:51 Altar of Storms
00:52 Barracks
01:06 Orc Burrow
01:44 Voodoo Lounge
02:50 Stronghold
04:07 War Mill
04:36 Orc Burrow
05:12 Great Hall
06:40 Watch Tower
06:40 Watch Tower
06:40 Watch Tower
06:41 Watch Tower
07:08 Orc Burrow
08:10 Voodoo Lounge
08:11 Watch Tower
08:12 Watch Tower
08:13 Watch Tower
08:21 Fortress
09:17 Beastiary
09:18 Beastiary
09:20 Beastiary
09:23 Beastiary
11:15 War Mill
18:41 Watch Tower
18:41 Watch Tower
18:42 Watch Tower
18:43 Watch Tower
18:44 Watch Tower
18:44 Watch Tower
20:15 Watch Tower
20:16 Watch Tower
20:54 Watch Tower
20:56 Watch Tower
20:59 Watch Tower
24:19 Great Hall
24:21 Watch Tower
24:21 Watch Tower
24:25 Watch Tower
24:26 Watch Tower
25:53 Orc Burrow
26:11 Great Hall
26:17 Watch Tower
26:17 Watch Tower
26:18 Watch Tower
26:18 Watch Tower
26:24 Watch Tower
26:25 Watch Tower
26:26 Watch Tower
26:27 Watch Tower
29:35 Orc Burrow
42:56 Great Hall
42:58 Watch Tower
42:59 Watch Tower
42:59 Watch Tower
43:00 Watch Tower
» items
| Healing Salve | 6 | |
| Orb of Lightning | 1 | |
| Lesser Clarity Potion | 3 | |
| Potion of Mana | 5 | |
| Scroll of Town Portal | 4 | |
| Potion of Healing | 3 | |
| Staff of Teleportation | 1 | |
23 total
carpedeeznutz (
pink | 126 APM | 5137 actions | 40:50)
5 Blademaster
2 Wind Walk
3 Critical Strike
5 Tauren Chieftain
3 Endurance Aura
2 War Stomp
4 Shadow Hunter
3 Hex
1 Healing Wave
» actions
| Assign group hotkey | 24 | |
| Basic commands | 22 | |
| Build / train | 89 | |
| Enter build submenu | 50 | |
| Enter hero's abilities submenu | 14 | |
| Give item / drop item | 10 | |
| Right click | 2337 | |
| Select / deselect | 626 | |
| Select group hotkey | 1787 | |
| Use ability | 178 | |
5137 total
» units
| Peon | 15 | |
| Troll Witch Doctor | 5 | |
| Shaman | 5 | |
| Tauren | 4 | |
| Goblin Shredder | 1 | |
| Spirit Walker | 3 | |
33 total
» upgrades
| Shaman Training | 2 | |
| Witch Doctor Training | 2 | |
| Reinforced Defenses | 1 | |
| Spirit Walker Training | 2 | |
| Armor | 3 | |
| Melee Weapons | 3 | |
| Pulverize | 1 | |
| Spiked Barricades | 1 | |
15 total
» buildings
| Altar of Storms | 1 | |
| Orc Burrow | 7 | |
| War Mill | 2 | |
| Voodoo Lounge | 2 | |
| Watch Tower | 22 | |
| Stronghold | 4 | |
| Fortress | 2 | |
| Spirit Lodge | 4 | |
| Tauren Totem | 3 | |
| Great Hall | 6 | |
53 total
» build order
00:24 Altar of Storms
00:30 Orc Burrow
00:39 War Mill
01:25 Voodoo Lounge
01:59 Watch Tower
02:48 Stronghold
02:49 Stronghold
02:49 Stronghold
03:03 Watch Tower
03:58 Watch Tower
04:12 Orc Burrow
05:19 Fortress
05:19 Fortress
05:21 Spirit Lodge
05:25 Spirit Lodge
06:03 Spirit Lodge
06:42 Spirit Lodge
06:45 Orc Burrow
09:23 Orc Burrow
11:31 Orc Burrow
16:21 Tauren Totem
16:21 Tauren Totem
16:22 Tauren Totem
16:51 Orc Burrow
17:49 Orc Burrow
18:38 Great Hall
20:26 Watch Tower
22:42 War Mill
22:51 Watch Tower
23:53 Great Hall
24:14 Watch Tower
24:56 Great Hall
24:58 Watch Tower
24:59 Watch Tower
25:04 Great Hall
25:07 Watch Tower
25:08 Watch Tower
25:09 Watch Tower
25:35 Watch Tower
26:26 Watch Tower
29:07 Watch Tower
31:53 Great Hall
32:43 Watch Tower
33:22 Watch Tower
33:22 Watch Tower
33:35 Watch Tower
33:48 Watch Tower
34:54 Watch Tower
34:55 Watch Tower
34:56 Watch Tower
35:04 Voodoo Lounge
37:47 Great Hall
» items
| Healing Salve | 3 | |
| Lesser Clarity Potion | 1 | |
| Orb of Lightning | 2 | |
| Scroll of Speed | 1 | |
| Boots of Speed | 1 | |
| Circlet of Nobility | 1 | |
| Scroll of Town Portal | 3 | |
12 total
BugBoy1990 (
orange | 17 APM | 945 actions | 55:45)
5 Dark Ranger
3 Black Arrow
2 Life Drain
» actions
| Basic commands | 58 | |
| Build / train | 77 | |
| Enter build submenu | 23 | |
| Enter hero's abilities submenu | 5 | |
| Remove unit from queue | 7 | |
| Right click | 291 | |
| Select / deselect | 443 | |
| Use ability | 41 | |
945 total
» units
| Acolyte | 11 | |
| Ghoul | 14 | |
| Crypt Fiend | 8 | |
| Gargoyle | 13 | |
| Shaman | 3 | |
| Tauren | 1 | |
50 total
» upgrades
| Creature Attack | 1 | |
| Unholy Armor | 0 | |
| Unholy Strength | 2 | |
| Web | 1 | |
| Creature Carapace | 1 | |
5 total
» buildings
| Altar of Darkness | 1 | |
| Ziggurat | 12 | |
| Crypt | 2 | |
| Nerubian Tower | 7 | |
| Graveyard | 1 | |
| Spirit Tower | 1 | |
| Halls of the Dead | 1 | |
25 total
» build order
00:11 Altar of Darkness
00:16 Ziggurat
00:24 Crypt
01:40 Nerubian Tower
02:14 Graveyard
02:48 Ziggurat
03:02 Ziggurat
05:31 Ziggurat
05:45 Ziggurat
06:31 Nerubian Tower
06:43 Spirit Tower
07:08 Ziggurat
07:17 Ziggurat
08:01 Nerubian Tower
08:11 Nerubian Tower
09:33 Crypt
11:41 Nerubian Tower
13:23 Halls of the Dead
14:20 Ziggurat
16:44 Nerubian Tower
20:41 Ziggurat
23:30 Ziggurat
23:49 Ziggurat
26:31 Nerubian Tower
27:14 Ziggurat
Chat log
(00:16 / Allies) The.Great: rush
(00:22 / Allies) OCEAN-BLUE.: cc
(00:36 / Allies) The.Great: aye aye aye
(00:49 / Allies) kiangdalf: what unit blue
(00:59 / Allies) The.Great: rif mort
(01:05 / Allies) OCEAN-BLUE.: wyvern here
(01:15 / Allies) The.Great: actually lvl 6 am tp mort
(01:22 / Allies) kiangdalf: i go air then
(07:05 / Allies) kiangdalf: wood pls
(07:39 / Allies) OCEAN-BLUE.: guys
(07:41 / Allies) OCEAN-BLUE.: we have enough aa
(08:48 / Allies) The.Great: come here yell
(08:50 / Allies) The.Great: for scrol
(08:57 / Allies) The.Great: nvm
(12:10 / Allies) The.Great: i can get knights to if you want
(13:36 / Allies) OCEAN-BLUE.: meet
(14:25 / Allies) OCEAN-BLUE.: purple get raiders
(14:30 / Allies) OCEAN-BLUE.: we need something for tanks
(17:05 / Allies) OCEAN-BLUE.: quit
(17:07 / Allies) OCEAN-BLUE.: getting air
(17:15 / Allies) mulhaminator54: u get raiders man
(17:17 / Allies) mulhaminator54: ill get air
(17:20 / Allies) OCEAN-BLUE.: no
(17:22 / Allies) OCEAN-BLUE.: u get air
(17:24 / Allies) OCEAN-BLUE.: raiders
(17:32 / Allies) OCEAN-BLUE.: uve lost ur air all game
(17:35 / Allies) OCEAN-BLUE.: u dont need to be getting air
(17:45 / Allies) mulhaminator54: u dont i have my air already
(19:45 / Allies) OCEAN-BLUE.: let it die
(21:21 / Allies) OCEAN-BLUE.: im not letting u rebuild purple
(21:23 / Allies) OCEAN-BLUE.: u retard
(21:34 / Allies) OCEAN-BLUE.: purple deserves to die
(21:36 / Allies) OCEAN-BLUE.: for being a nigger
(22:27 / Allies) OCEAN-BLUE.: give me ur resource spurple
(22:29 / Allies) OCEAN-BLUE.: now
(22:30 / Allies) The.Great: fuck yellow
(22:33 / Allies) mulhaminator54: LOL
(22:40 / Allies) mulhaminator54: ill give my dick to ur mommy
(22:48 / Allies) OCEAN-BLUE.: he had that coming
(22:58 / Allies) OCEAN-BLUE.: i told him
(22:59 / Allies) OCEAN-BLUE.: no air
(23:03 / Allies) OCEAN-BLUE.: he kept losing it all game
(23:05 / Allies) OCEAN-BLUE.: and he keeps getting air
(23:07 / Allies) The.Great: and look what you have
(23:08 / Allies) The.Great: ..
(23:09 / Allies) OCEAN-BLUE.: so he deserved to die
(23:11 / Allies) mulhaminator54: LOL
(23:14 / Allies) OCEAN-BLUE.: I NEVER LOST IT
(23:15 / Allies) OCEAN-BLUE.: idiot
(23:21 / Allies) mulhaminator54: im only gonna stay cause the other team sucks so damn bad
(23:44 / Allies) OCEAN-BLUE.: i guarantee on my soul ill determines who wins
(24:31 / Allies) The.Great: get out of my base and be useful with what little you have teal
(25:05 / All) Red-Cloud: I've exploded like 48-60 bats this game
(25:05 / All) OCEAN-BLUE.: jpurple is such anigger
(27:05 / Allies) OCEAN-BLUE.: b
(27:21 / Allies) OCEAN-BLUE.: get bakc
(28:00 / Allies) kiangdalf: lol
(28:39 / All) The.Great: next time dont tk when facing noobs
(28:49 / All) Red-Cloud: huh lol
(28:59 / Allies) mulhaminator54: LOL I GOT ALL UR PEONS
(29:11 / All) mulhaminator54: YELLOW IS A LIL BITCH
(29:14 / Allies) OCEAN-BLUE.: it isnt over
(38:26 / All) BugBoy1990: its 2 vs 4 now
(38:53 / All) BugBoy1990: hahah green
(40:41 / All) carpedeeznutz: wow
(40:42 / All) carpedeeznutz: gg
(40:46 / All) carpedeeznutz: red is a tk dick
(44:18 / All) Red-Cloud: I watched The Third Man and I was underwhelmed
(44:26 / All) OCEAN-BLUE.: the sixth man was cool
(44:30 / All) Red-Cloud: I gave it a 7/10 but 6 would be fair
(46:24 / All) OCEAN-BLUE.: y did oj and green tk
(46:48 / All) BugBoy1990: cause green was a Asshole
(47:06 / All) OCEAN-BLUE.: sorry for harassing ur acos early in game, no hard feelings
(47:22 / All) BugBoy1990: part of it, I was going to stop u lol
(47:30 / All) OCEAN-BLUE.: wut
(47:56 / All) BugBoy1990: its part of the game, i was going to stop u
(48:05 / All) OCEAN-BLUE.: how
(48:20 / All) OCEAN-BLUE.: with all due respect, ain't it obvious im your superior
(48:21 / All) BugBoy1990: i was careless and forgot someone had orcs on the other team
(48:41 / All) BugBoy1990: no not really
(49:07 / All) BugBoy1990: if it was not for my dumb ass team mates this battle would have been fun
(49:13 / All) OCEAN-BLUE.: this game needs to be called the sentry ward game
(49:23 / All) Red-Cloud: Orange is a total newbie
(49:25 / All) OCEAN-BLUE.: how did green tk u
(49:25 / All) BugBoy1990: amen
(49:28 / All) Red-Cloud: He needs to practice more
(49:50 / All) BugBoy1990: no i learned how thei game works
(50:15 / All) BugBoy1990: it may take a few for my plan to work but when it does it does
(50:23 / All) OCEAN-BLUE.: wut plan
(50:25 / All) Red-Cloud: If I wasn't handicapped with green and orange I would have won an hour ago
(50:28 / All) OCEAN-BLUE.: u mean fiend gargs?
(51:31 / All) Red-Cloud: Top fags of this game
(51:33 / All) Red-Cloud: 1. Orange
(51:40 / All) OCEAN-BLUE.: pink cuz of sentry
(51:46 / All) OCEAN-BLUE.: purple was a punk too
(51:55 / All) Red-Cloud: K
(52:03 / All) Red-Cloud: Let's make it a top 10 biggest gaylords of this game
(52:07 / All) Red-Cloud: 1. Orange
(52:12 / All) Red-Cloud: Actually let's just leave it a top 1 list
(52:17 / All) Red-Cloud: Orange biggest faggot of all time
(52:20 / All) OCEAN-BLUE.: lol
(52:25 / All) BugBoy1990: yall are funny
(52:25 / All) OCEAN-BLUE.: oj seemed to be like he was a quiet player
(52:26 / All) OCEAN-BLUE.: was he
(52:36 / All) Red-Cloud: He's the type that'll shoot up a school
(52:57 / All) Red-Cloud: because the vapid jocks called him names like fruit and tubby
(52:59 / All) BugBoy1990: wow, call me a fag
(53:03 / All) Red-Cloud: and the cheerleaders all laughed at him
(53:13 / All) Red-Cloud: fag
(53:16 / All) BugBoy1990: but yet jokes about killing kids
(53:16 / All) Red-Cloud: fruit cup
(53:42 / All) BugBoy1990: Hmm, show how much of a low life you are
(53:58 / All) Red-Cloud: If I ever become dictator I'm going to kill 6 million jews and 1 clown
(54:44 / All) Red-Cloud: You guys spoiled the joke
(54:51 / All) Red-Cloud: You're supposed to ask about the clown
(54:56 / All) BugBoy1990: wow, i rather be a fag, then a low life pice of srcum, but
(55:01 / All) BugBoy1990: thats just me
(55:06 / All) Red-Cloud: You're scum and fag, you don't get to choose
(55:10 / All) OCEAN-BLUE.: who tked first green or oj
(55:13 / All) Red-Cloud: You're both and quite a few things besides
(55:21 / All) Red-Cloud: orange was a fart knocker
(55:23 / All) BugBoy1990: yellow GG mate, hope to see you on teh flip side
(55:25 / All) Red-Cloud: try to leech exp
(55:28 / All) Red-Cloud: and green ran him off
(55:41 / All) Red-Cloud: he's trying to suck up to you so he can suck you off later
(55:47 / All) Red-Cloud: butter you up with sweet talk